AoeStats
← Afu

Arena

509292560Analyzed
1v1 RM · 5d ago on Sep 26, 2026· 39m 41s· 2 players
Game mode
Random Map
Map size
Tiny (2 player)
Population
200
Speed
Normal
Resources
Standard
Victory
Conquest
Starting age
Dark Age
Ending age
Imperial Age
RankedLock teamsTeams togetherTeam positionsShared explorationLock speedFull tech treeHidden civsTurbo modeCheats
Victory
Defeat
🇹🇼 Varangians · Taiwan
990
+15
🇹🇼 Wei · Taiwan
963
-35
Afu
11:28 Feudal Age
15:58 Castle Age
14:13 Double-Bit Axe
14:55 Horse Collar
17:02 Bow Saw
18:30 Heavy Plow
25:30 Gold Mining
25:53 Forging
25:44 Scale Mail Armor
25:10 Pikeman
25:50 Squires
26:34 Scale Barding Armor
27:17 Gold Shaft Mining
27:47 Wheelbarrow
27:01 Loom
27:09 Town Watch
28:05 Iron Casting
27:46 Chain Mail Armor
28:17 Bloodlines
28:08 Husbandry
28:31 Chain Barding Armor
29:17 Hand Cart
29:09 Town Patrol
29:47 Stone Mining
33:41 Imperial Age
31:57 Stone Shaft Mining
31:15 Fletching
31:26 Padded Archer Armor
32:22 Bodkin Arrow
34:27 Ballistics
34:56 Crop Rotation
35:27 Blast Furnace
34:29 Bracer
34:44 Leather Archer Armor
35:33 Chemistry
34:14 Treadmill Crane
35:32 Parthian Tactics
35:13 Thumb Ring
35:04 Heavy Hei Guang Cavalry
36:46 Conscription
36:55 Ming Guang Armor
Zain
10:47 Feudal Age
14:26 Castle Age
12:38 Double-Bit Axe
13:01 Horse Collar
18:09 Wheelbarrow
19:40 Hand Cart
19:13 Loom
28:57 Imperial Age
27:56 Gold Mining
27:58 Stone Mining
28:17 Heavy Plow
28:45 Bow Saw
29:46 Stone Shaft Mining
29:20 Scale Mail Armor
29:31 Forging
31:07 Crop Rotation
31:45 Two-Man Saw
31:08 Elite Varangian Guard
32:59 Chain Mail Armor
33:20 Iron Casting
33:57 Gothikon
34:58 Conscription
35:14 Squires
35:00 Arson
35:51 Plate Mail Armor
36:22 Blast Furnace
39:31 Gambesons
Connection lost

Rejoining the realm…

Still unreachable

The connection could not be restored.

Session expired

The server has moved on; the page needs a fresh start.